 Dungeon Crawl Stone Soup version 0.32-a0-834-geaf45d8e21 (webtiles) character file.

Game seed: 8571766311654641119

3173 todamath the Thaumaturge (level 9, -9/42 HPs)
             Began as a Deep Elf Conjurer on Mar 25, 2024.
             Was a Believer of Sif Muna.
             Shot with an arrow by a centaur warrior (17 damage)
             ... on level 9 of the Dungeon.
             The game lasted 01:52:42 (11051 turns).

todamath the Thaumaturge (Deep Elf Conjurer)       Turns: 11051, Time: 01:52:47

Health: -9/42      AC:  7    Str:  3    XL:     9   Next: 63%
Magic:  23/23      EV: 14    Int: 33    God:    Sif Muna [**....]
Gold:   119        SH:  0    Dex: 23    Spells: 21/29 levels left

rFire   . . .        U - +27 heavy crossbow "Sniper" {heavy, Acc+∞ SInv}
rCold   . . .        (shield currently unavailable)
rNeg    . . .        a - +0 robe
rPois   .            c - +1 helmet
rElec   .            K - +0 cloak
rCorr   .            R - +0 pair of gloves
SInv    +            B - +0 pair of boots
Will    .....        (no amulet)
Stlth   +++          S - +6 ring of dexterity
HPRegen 1.07/turn    t - +6 ring of intelligence
MPRegen 0.18/turn

%: no passive effects
@: no status effects
A: agile 1, frail 1, low MP 1, regeneration 1
a: Renounce Religion, Channel Magic


You were on level 9 of the Dungeon.
You worshipped Sif Muna.
Sif Muna was pleased with you.
You visited 3 branches of the dungeon, and saw 11 of its levels.
You also visited: Sewer.

You collected 535 gold pieces.
You spent 416 gold pieces at shops.

Inventory:

Hand Weapons
 d - a +3 dagger of venom
 g - a +1 flail of holy wrath
 h - a +1 spear of venom
 m - the +3 dagger of Midwinter {pain, Str+2 Int+5}
   (You found it on level 3 of the Dungeon)

   Str+2:     It affects your strength (+2).
   Int+5:     It affects your intelligence (+5).
 v - a +3 flail
 y - the +5 dagger of Circularity {freeze, rPois rN+}
   (You found it on level 8 of the Dungeon)

   rPois:     It protects you from poison.
   rN+:       It protects you from negative energy.
 F - a +3 battleaxe
 G - a +4 morningstar of electrocution
 T - the +8 trident "Nextipt" {holy, *Rage rN+ Dex+5}
   (You found it on level 6 of the Dungeon)

   Dex+5:     It affects your dexterity (+5).
   rN+:       It protects you from negative energy.
   *Rage:     It berserks you when you make melee attacks (+20% chance).
 U - the +27 heavy crossbow "Sniper" (weapon) {heavy, Acc+∞ SInv}
   (You found it on level 6 of the Dungeon)

   Acc+∞: It never misses its target.
   SInv:      It lets you see invisible.
 W - a +8 trident of venom
Missiles
 e - 138 stones
 L - 10 poisoned darts
Armour
 a - a +0 robe (worn)
 c - a +1 helmet (worn)
 f - a +0 ring mail
 n - a +0 chain mail
 q - a +0 scale mail
 s - a +0 leather armour
 B - a +0 pair of boots (worn)
 K - a +0 cloak (worn)
 R - a +0 pair of gloves (worn)
 V - a +0 chain mail
Jewellery
 p - a ring of ice
 t - a +6 ring of intelligence (right hand)
 w - a ring of resist corrosion
 S - a +6 ring of dexterity (left hand)
Talismans
 o - a talisman of death
 I - a serpent talisman
Wands
 k - a wand of flame (32)
 u - a wand of iceblast (15)
 D - a wand of mindburst (8)
Scrolls
 j - 7 scrolls of identify
 l - a scroll of amnesia
 r - a scroll of immolation
 x - 3 scrolls of teleportation
 C - a scroll of enchant weapon
 J - a scroll of noise
 M - 2 scrolls of brand weapon
 P - a scroll of vulnerability
 Z - 2 scrolls of poison
Potions
 b - 2 potions of magic
 i - 2 potions of curing
 z - 2 potions of degeneration
 A - a potion of invisibility
 E - a potion of berserk rage {unknown}
 H - 3 potions of haste
 N - a potion of brilliance
 O - 2 potions of enlightenment
 Q - 3 potions of lignification
 X - a potion of heal wounds
 Y - 2 potions of ambrosia


   Skills:
 + Level 1.5 Fighting
 + Level 1.4 Short Blades
 + Level 4.4 Ranged Weapons
 + Level 4.0 Dodging
 + Level 4.6 Stealth
 + Level 10.8 Spellcasting
 + Level 9.1 Conjurations
 + Level 0.9 Necromancy
 + Level 5.5 Alchemy
 + Level 1.1 Evocations


You had 21 spell levels left.
You knew the following spells:

 Your Spells              Type           Power      Damage    Failure   Level
a - Magic Dart            Conj           100%       1d8       1%          1
b - Vampiric Draining     Necr           23%        2d7       5%          3
c - Fulminant Prism       Conj/Alch      30%        3d15      1%          4

Your spell library contained the following spells:

 Spells                   Type           Power      Damage    Failure   Level
 Necrotise                Necr           92%        1d8       1%          1
 Searing Ray              Conj           100%       2d8       1%          2
 Scorch                   Fire           34%        2d6       4%          2
 Flame Wave               Conj/Fire      47%        2d12      4%          4
 Iskenderun's Mystic Bla  Conj/Tloc      47%        2d10      4%          4
 Volatile Blastmotes      Fire/Tloc      34%        2d12      8%          3
 Martyr's Knell           Necr/Summ      20%        N/A       22%         4
 Curse of Agony           Necr           23%        N/A       45%         5
 Summon Cactus Giant      Summ           8%         N/A       99%         6


Dungeon Overview and Level Annotations

Branches:
Dungeon (9/15)             Temple (1/1) D:7            Lair (1/5) D:8
  Sewer (visited)
    Orc: D:9-12

Altars:
Ashenzari
Cheibriados
Dithmenos
Fedhas
Gozag
Hepliaklqana
Kikubaaqudgha
Makhleb
Nemelex Xobeh
Okawaru
Qazlal
Ru
Sif Muna
Trog
Uskayaw
Vehumet
Wu Jian
Xom
Yredelemnul
The Shining One

Shops:
D:4 :   D:7 !   D:8 [*

Annotations:
D:5 1 runed translucent door, Crazy Yiuf


Innate Abilities, Weirdness & Mutations

You are agile. (Dex +4, Str/Int -1)
You are frail. (-10% HP)
Your magical capacity is low. (-10% MP)
Your natural rate of healing is unusually fast.


Message History

Found a stone staircase leading up.
There is a stone staircase leading up here.
You hear the loud creaking of a very distant portcullis.
You hear the loud creaking of a very distant portcullis.
The portcullis has been lowered almost to the ground.
Found a scroll of brand weapon.
The walls and floor vibrate strangely for a moment.
M - 2 scrolls of brand weapon (gained 1)
Found a potion of haste.
H - 3 potions of haste (gained 1)
You see here a howler monkey skeleton.
You see here a howler monkey skeleton.
A bullfrog comes into view.
The bullfrog moves out of view.
Fire: U) +27 heavy crossbow "Sniper" {heavy, Acc+∞ SInv}
Press: ? - help, Q - select action, (/) - cycle Shift-Dir - straight line, f - bullfrog
Aim: a bullfrog (wandering, hasn't noticed you, 100% to hit)
You shoot a bolt. The bullfrog gives a loud, deep croak!
The bolt hits the bullfrog!!!
You kill the bullfrog!
Sif Muna accepts your kill.
e - 138 stones (gained 8)
A centaur warrior comes into view.
The centaur warrior shouts!
The centaur warrior wields a +0 shortbow.
The centaur warrior shoots an arrow.
The arrow hits you!!
Ouch! That really hurt!
The centaur warrior shoots an arrow.
The arrow hits you!
* * * LOW HITPOINT WARNING * * *
You feel much better.
The centaur warrior shoots an arrow.
The arrow hits you!
* * * LOW HITPOINT WARNING * * *
Fire: U) +27 heavy crossbow "Sniper" {heavy, Acc+∞ SInv}
Press: ? - help, Q - select action, (/) - cycle Shift-Dir - straight line, f - centaur warrior
Aim: a centaur warrior, wielding a +0 shortbow (100% to hit)
You shoot a bolt. The bolt hits the centaur warrior!
The centaur warrior is moderately wounded.
The centaur warrior shoots an arrow.
The arrow hits you!
You die...

Z##........#..#
######..##.#.##
#Z#.##.###.#.#
####.#.# #.#.#
#.###..# #.#.#
.......# #.#.#
#.##...###.#.#
#.##.....<...########
..#.#...#.c.....@...#
...#.....#.########.#
........[##########.#
####.....##.........#
##...###.#########
#######.## ##...##
#### #..#..######
..<# #.###......#


You could see a centaur warrior.

Vanquished Creatures
  A wyvern (D:7)
  A wraith (D:9)
  A steam dragon (D:7)
  2 water moccasins
  2 orc warriors
  3 centaurs
  3 ogres
  A bullfrog (D:9)
  2 kobold brigands (D:6)
  A brain worm (Sewer)
  A gnoll sergeant (D:7)
  4 wights (D:5)
  4 killer bees (D:9)
  3 howler monkeys (D:9)
  2 hounds
  A bombardier beetle (D:4)
  4 jellies
  2 gnoll boudas
  2 iguanas
  Ijyb (D:5)
  Natasha (thrice) (D:3)
  9 orc wizards
  Robin (D:2)
  13 gnolls
  7 adders
  2 river rats (Sewer)
  3 white imps (D:6)
  2 ufetubi (D:5)
  An adder zombie (D:3)
  An adder skeleton (D:3)
  3 ribbon worms
  A dart slug (Sewer)
  23 orcs
  5 endoplasms
  A giant cockroach (Sewer)
  10 goblins
  11 hobgoblins
  7 jackals
  17 kobolds
  5 quokkas
  8 ball pythons
  2 ball python skeletons (D:3)
  5 bats
  5 frilled lizards
  A quokka zombie (D:3)
  3 rats
  A spectral ball python (D:3)
  A fulminant prism (D:6)
192 creatures vanquished.

Vanquished Creatures (others)
  5 dream sheep (D:5)
  76 fulminant prisms
81 creatures vanquished.

Grand Total: 273 creatures vanquished

Notes
Turn   | Place    | Note
-------+----------+-------------------------------------------
     0 | D:1      | todamath the Deep Elf Conjurer began the quest for the Orb.
     0 | D:1      | Reached XP level 1. HP: 10/10 MP: 6/6
   765 | D:1      | Reached XP level 2. HP: 15/15 MP: 6/8
   770 | D:1      | Found a faded altar of an unknown god.
  1247 | D:2      | Reached skill level 5 in Conjurations
  1370 | D:2      | Noticed Robin
  1375 | D:2      | Killed Robin
  1376 | D:2      | Reached XP level 3. HP: 15/19 MP: 3/9
  1952 | D:3      | Noticed Natasha
  1970 | D:3      | Killed Natasha
  1971 | D:3      | Reached XP level 4. HP: 21/24 MP: 2/11
  2090 | D:3      | Identified the +3 dagger of Midwinter {pain, Str+2 Int+5}
  2196 | D:3      | Noticed Natasha
  2208 | D:3      | Killed Natasha
  2209 | D:3      | Reached skill level 4 in Spellcasting
  2266 | D:3      | Reached XP level 5. HP: 14/28 MP: 3/13
  2448 | D:3      | Noticed Natasha
  2453 | D:3      | Killed Natasha
  2454 | D:3      | Reached skill level 1 in Short Blades
  2567 | D:3      | Learned a level 3 spell: Vampiric Draining
  3461 | D:4      | Found an iron altar of Okawaru.
  3468 | D:4      | Found Ytwyby's Tremendous Tomes.
  3564 | D:4      | Reached skill level 5 in Spellcasting
  3688 | D:4      | Learned a level 4 spell: Fulminant Prism
  3897 | D:4      | Noticed an ogre
  3902 | D:4      | Killed an ogre
  3903 | D:4      | Reached skill level 1 in Evocations
  3903 | D:4      | Reached XP level 6. HP: 32/32 MP: 10/16
  4796 | D:4      | Found a sparkling altar of Nemelex Xobeh.
  5141 | D:5      | Entered Level 5 of the Dungeon
  5216 | D:5      | Reached skill level 1 in Alchemy
  5220 | D:5      | Reached skill level 6 in Spellcasting
  5220 | D:5      | Reached XP level 7. HP: 19/36 MP: 5/18
  5472 | D:5      | Reached skill level 7 in Spellcasting
  5587 | D:5      | Found a runed translucent door.
  5588 | D:5      | Noticed Crazy Yiuf
  5795 | D:5      | Reached skill level 8 in Spellcasting
  5795 | D:5      | Reached XP level 8. HP: 42/42 MP: 17/22
  5860 | D:5      | Found a shimmering blue altar of Sif Muna.
  5868 | D:5      | Became a worshipper of Sif Muna the Loreminder
  5907 | D:5      | Noticed Ijyb
  5913 | D:5      | Killed Ijyb
  6027 | D:5      | Noticed a dream sheep
  6027 | D:5      | Noticed a dream sheep
  6027 | D:5      | Noticed a dream sheep
  6027 | D:5      | Noticed a dream sheep
  6027 | D:5      | Noticed a dream sheep
  6027 | D:5      | Found a shimmering altar of Xom.
  6029 | D:5      | Killed a dream sheep
  6029 | D:5      | Killed a dream sheep
  6030 | D:5      | Killed a dream sheep
  6030 | D:5      | Killed a dream sheep
  6031 | D:5      | Killed a dream sheep
  6139 | D:6      | Found a glowing drain.
  6145 | Sewer    | Entered a sewer
  6791 | Sewer    | Gained mutation: Your magical capacity is low. (-10% MP)
                  | [potion of mutation]
  6791 | Sewer    | Gained mutation: Your movements are slightly less
                  | encumbered by armour. (ER -2) [potion of mutation]
  6791 | Sewer    | Gained mutation: You sometimes lose your temper in combat.
                  | [potion of mutation]
  6791 | Sewer    | Gained mutation: You passively map a small area around you.
                  | [potion of mutation]
  7006 | Sewer    | Lost mutation: Your movements are slightly less encumbered
                  | by armour. (ER -2) [potion of mutation]
  7006 | Sewer    | Lost mutation: You sometimes lose your temper in combat.
                  | [potion of mutation]
  7006 | Sewer    | Lost mutation: You passively map a small area around you.
                  | [potion of mutation]
  7006 | Sewer    | Gained mutation: You are frail. (-10% HP) [potion of
                  | mutation]
  7006 | Sewer    | Gained mutation: You are agile. (Dex +4, Str/Int -1)
                  | [potion of mutation]
  7006 | Sewer    | Gained mutation: Your natural rate of healing is unusually
                  | fast. [potion of mutation]
  7088 | D:6      | Found a blossoming altar of Fedhas.
  7195 | D:6      | Reached * piety under Sif Muna
  7219 | D:6      | Reached skill level 9 in Spellcasting
  7609 | D:6      | Found an opulent altar of Gozag.
  7928 | D:6      | Found the +27 heavy crossbow "Sniper" {heavy, Acc+∞ SInv}
  7930 | D:6      | Identified the +8 trident "Nextipt" {holy, *Rage rN+ Dex+5}
  8352 | D:7      | Reached XP level 9. HP: 28/41 MP: 2/22
  8496 | D:7      | Found a staircase to the Ecumenical Temple.
  8570 | D:7      | Reached skill level 10 in Spellcasting
  8574 | D:7      | Reached skill level 1 in Ranged Weapons
  8579 | D:7      | Reached skill level 5 in Alchemy
  8692 | D:7      | Found Zanied's Distillery.
  8699 | D:7      | Bought a potion of heal wounds for 75 gold pieces
  8699 | D:7      | Bought a potion of might for 60 gold pieces
  8699 | D:7      | Bought a potion of heal wounds for 75 gold pieces
  8699 | D:7      | Bought a potion of haste for 150 gold pieces
  8978 | D:7      | Found a glowing golden altar of the Shining One.
  9301 | Temple   | Entered the Ecumenical Temple
  9600 | D:8      | HP: 2/41 [centaur/arrow (11)]
  9766 | D:8      | Found Cheibriados's Comfort Zone.
  9768 | D:8      | Found a snail-covered altar of Cheibriados.
  9785 | D:8      | Found Dizenkew's Fire Supplies.
  9795 | D:8      | Bought a scroll of immolation for 56 gold pieces
  9889 | D:8      | Identified the +5 dagger of Circularity {freeze, rPois rN+}
 10047 | D:8      | Found a staircase to the Lair.
 10295 | Lair:1   | Entered Level 1 of the Lair of Beasts
 10295 | Lair:1   | Noticed a cane toad
 10359 | D:9      | Found an ornate altar of the Wu Jian Council.
 10436 | D:9      | Found a flagged portal.
 10583 | D:9      | Reached skill level 1 in Fighting
 10590 | D:9      | Reached ** piety under Sif Muna
 11048 | D:9      | Noticed a centaur warrior
 11048 | D:9      | HP: 2/42 [centaur warrior/arrow (14)]
 11051 | D:9      | Shot with an arrow by a centaur warrior

Illustrated notes

Levels and vault maps discovered:
D:1:      dpeg_arrival_rhombus, layout_loops_corners,
          ebering_ecumenical_altar_hall, patterned_corridor
D:2:      layout_rooms, uniq_robin
D:3:      layout_basic, dilly_guarded_unrand_morg
D:4:      layout_layer_cave, nemelex_diamond_rough_becter,
          mainiacjoe_overflow_brackets, corexii_item_surrounded_by_moat,
          nicolae_shop_i_like_big_books, minmay_increasing_density
D:5:      layout_loops_cross, kb_xom_exploding_sheep,
          nicolae_overflow_crystal_walls, uniq_crazy_yiuf_cottage, uniq_ijyb
D:6:      layout_basic, grunt_gozag_statues, old_standard_altar,
          portal_sewer_entry_e
D:7:      layout_loops_ring, tso_metal_star, temple_doors_e, serial_shops, shop
D:8:      layout_gridville, lair_entry_dummy, minmay_shop_chei,
          nicolae_shop_fire_sale [nicolae_sub_dead_trees],
          nicolae_straight_to_the_point
D:9:      layout_loops_ring, pdpol_wu_jian_five_deadly_venoms,
          minmay_overflow_temple_star_quad, enter_bailey_2
Temple:   grunt_temple_mini_profane
Lair:1:   layout_small_grid, basic_altar, serial_bayou_ford_a, st_stairs_11,
          lemuel_centaur_altar

Skill      XL: |  1  2  3  4  5  6  7  8  9 |
---------------+----------------------------+-----
Conjurations   | 5 6 7 8 9 |  9.1
Spellcasting   | 4 5 6 8 9 10 | 10.8
Short Blades   | 1 |  1.4
Stealth        | 3 4 |  4.6
Evocations     | 1 |  1.1
Alchemy        | 2 4 5 |  5.5
Dodging        | 3 4 |  4.0
Ranged Weapons | 4 |  4.4
Fighting       | 1 |  1.5
Necromancy     | |  0.9

Action                     |  1- 3 |  4- 6 |  7- 9 || total
---------------------------+-------+-------+-------++-------
  Melee: Dagger            |    10 |    41 |    18 ||    69
   Fire: Heavy crossbow    |       |       |    31 ||    31
   Cast: Magic Dart        |    70 |    91 |    18 ||   179
         Fulminant Prism   |       |    10 |    67 ||    77
         Vampiric Draining |       |     1 |     4 ||     5
  Evoke: Wand              |     5 |     5 |       ||    10
    Use: Scroll            |     6 |     3 |     4 ||    13
         Potion            |     4 |     3 |    11 ||    18
 Armour: Robe              |    20 |    30 |    54 ||   104
  Dodge: Dodged            |    12 |    31 |    61 ||   104

Table legend: (Time is in decaauts)
 A = Elapsed time spent in this place.
 B = Non-inter-level travel time spent in this place.
 C = Inter-level travel time spent in this place.
 D = Time resting spent in this place.
 E = Time spent auto-exploring this place.
 F = Levels seen in this place.
 G = Mean time per level.
                   A        B        C        D        E       F      G
               +--------+--------+--------+--------+--------+-----+--------+
         Total |  11369 |  10261 |   1108 |    520 |   3803 |  12 |  947.4 |
       Dungeon |  10068 |   9116 |    952 |    469 |   3568 |   9 | 1118.7 |
        Temple |    162 |      6 |    156 |      0 |      0 |   1 |  162.0 |
          Lair |      1 |      1 |      0 |      0 |      0 |   1 |    1.0 |
         Sewer |   1136 |   1136 |      0 |     51 |    235 |   1 | 1136.0 |
               +--------+--------+--------+--------+--------+-----+--------+

Top non-repeatable levels by time:
     D:4: 1742 daAuts
     D:3: 1535 daAuts
     D:6: 1390 daAuts
     D:1: 1206 daAuts
   Sewer: 1136 daAuts
     D:7: 1060 daAuts
     D:5: 919 daAuts
     D:8: 825 daAuts
     D:9: 756 daAuts
     D:2: 631 daAuts
  Temple: 162 daAuts
  Lair:1: 1 daAuts
